 Dungeon Crawl Stone Soup version 0.17.0-28-g6e173f8 (webtiles) character file.

198728 lorenzova the Sorcerer (level 18, -3/85 HPs)
             Began as a Deep Elf Conjurer on Nov 27, 2015.
             Was the Champion of Qazlal.
             Killed from afar by a deep elf annihilator (85 damage)
             ... with a crystal spear
             ... on level 3 of the Elven Halls.
             The game lasted 04:44:41 (51200 turns).

lorenzova the Sorcerer (Deep Elf Conjurer)         Turns: 51200, Time: 04:44:43

Health: -3/85      AC: 20    Str: 10    XL:     18   Next: 22%
Magic:  47/66      EV: 22    Int: 34    God:    Qazlal [******]
Gold:   1529       SH:  8    Dex: 17    Spells: 10 memorised, 21 levels left

rFire  . . .     SeeInvis +     F - +3 quarterstaff (protect)
rCold  x . .     Clarity  .     p - +2 leather armour of Xaehac {rElec rPois Str+2}
rNeg   + . .     SustAt   .     (shield currently unavailable)
rPois  +         Gourm    .     a - +3 hat of Pondering {ponderous, MR+ MP+10 Int+5}
rElec  +         Spirit   .     R - +2 cloak
rCorr  .         Warding  .     m - +1 pair of gloves {Str+3}
rMut   .         Stasis   .     s - +1 pair of boots
MR     ++...                    q - amulet of regeneration
Stlth  +.........               J - ring "Woca" {rC- rN+ EV+2 Dex+2 SInv}
                                y - ring of magical power

@: lethally poisoned (-3 -> -3), repel missiles, slow, very resistant to hostile
enchantments, very unstealthy
A: no striking features
a: Upheaval, Elemental Force, Disaster Area, Renounce Religion


You were on level 3 of the Elven Halls.
You worshipped Qazlal.
Qazlal was exalted by your worship.
You were not hungry.

You visited 6 branches of the dungeon, and saw 33 of its levels.
You visited 1 bazaar.
You also visited: Labyrinth.

You collected 3392 gold pieces.
You spent 1863 gold pieces at shops.

Inventory:

Hand Weapons
 F - a +3 quarterstaff of protection (weapon)
Armour
 a - the +3 hat of Pondering (worn) {ponderous, MR+ MP+10 Int+5}
   (You took it off Gastronok on level 1 of the Lair of Beasts)

   It affects your intelligence (+5).
   It affects your resistance to hostile enchantments.
   It affects your magic capacity (+10).
 m - a +1 pair of gloves of strength (worn)
 p - the +2 leather armour of Xaehac (worn) {rElec rPois Str+2}
   (You took it off a minotaur in a labyrinth)

   It affects your strength (+2).
   It insulates you from electricity.
   It protects you from poison.
 s - a +1 pair of boots (worn)
 R - a +2 cloak (worn)
Jewellery
 e - an uncursed ring of flight
 q - an amulet of regeneration (around neck)
 t - an uncursed amulet of stasis
 y - a ring of magical power (left hand)
 D - an uncursed ring of protection from fire
 J - the ring "Woca" (right hand) {rC- rN+ EV+2 Dex+2 SInv}
   (You found it on level 7 of the Dungeon)

   [ring of evasion]

   It affects your evasion (+2).
   It affects your dexterity (+2).
   It makes you vulnerable to cold.
   It protects you from negative energy.
   It lets you see invisible.
 S - an uncursed amulet of guardian spirit
Wands
 C - a wand of slowing (34)
 I - a wand of polymorph (5)
 K - a wand of fireball (5)
 P - a wand of teleportation (7)
 V - a wand of paralysis (12)
 X - a wand of cold (4)
Scrolls
 d - 2 scrolls of fog
 f - 11 scrolls of teleportation
 j - 4 scrolls of recharging
 o - 15 scrolls of remove curse
 r - 2 scrolls of enchant armour
 u - 3 scrolls of blinking
 B - 3 scrolls of enchant weapon
 E - a scroll of summoning
 H - 17 scrolls of identify
 L - 3 scrolls of immolation
 M - 3 scrolls of fear
 Z - 2 scrolls of magic mapping
Potions
 g - 6 potions of brilliance
 k - 12 potions of curing
 l - 2 potions of berserk rage
 n - 2 potions of invisibility
 v - 5 potions of haste
 x - 6 potions of heal wounds
 A - 3 potions of might
 G - 4 potions of flight
 O - a potion of cancellation
 Q - a potion of magic
 T - 2 potions of agility
Books
 N - Roxanne's Handbook of the Mountains
   (You took it off Roxanne on level 1 of the Snake Pit)

   Spells                             Type                      Level
   a - Sandblast                      Earth                        1
   b - Stone Arrow                    Conjuration/Earth            3
   c - Passwall                       Transmutation/Earth          3
   d - Iron Shot                      Conjuration/Earth            6
   e - Statue Form                    Transmutation/Earth          6
 U - the Catalogue of Attacks
   (You bought it in a shop in a bazaar)

   Spells                             Type                      Level
   a - Conjure Flame                  Conjuration/Fire             3
   b - Bolt of Cold                   Conjuration/Ice              6
   c - Orb of Destruction             Conjuration                  7
Comestibles
 b - 8 beef jerkies
 c - 11 bread rations
 h - 14 fruits
 i - a royal jelly
 w - 2 slices of pizza
 z - 6 meat rations
 W - 2 chunks of flesh


   Skills:
 - Level 11.4 Staves
 - Level 12.5 Dodging
 - Level 2.4 Stealth
 + Level 23.0 Spellcasting
 + Level 20.2 Conjurations
 - Level 4.1 Charms
 - Level 8.7 Fire Magic
 - Level 6.2 Invocations
 - Level 7.4 Evocations


You had 21 spell levels left.
You knew the following spells:

 Your Spells              Type           Power        Failure   Level  Hunger
a - Magic Dart            Conj           ####         0%          1    None
b - Iskenderun's Battles  Conj/Chrm      #######.     1%          5    None
c - Conjure Flame         Conj/Fire      #######.     0%          3    None
d - Orb of Destruction    Conj           ########..   1%          7    None
e - Fulminant Prism       Conj/Hex       #######...   1%          4    None
f - Fireball              Conj/Fire      #######...   1%          5    None
g - Force Lance           Conj/Tloc      #######.     1%          4    None
h - Bolt of Magma         Conj/Fire/Erth #######...   1%          5    None
s - Sticky Flame          Conj/Fire      #######.     1%          4    None
x - Iskenderun's Mystic   Conj           ########     0%          4    None


Dungeon Overview and Level Annotations

Branches:
Dungeon (15/15)            Temple (1/1) D:7            Lair (8/8) D:11
 Shoals (0/4) Lair:5        Snake (2/4) Lair:6        Slime (0/6) Lair:7
    Orc (4/4) D:12            Elf (3/3) Orc:3        Vaults (0/5) D:13
 Depths (0/5) D:15

Altars:
Ashenzari
Cheibriados
Dithmenos
Elyvilon
Fedhas
Gozag
Kikubaaqudgha
Makhleb
Nemelex Xobeh
Okawaru
Qazlal
Ru
Sif Muna
Trog
Vehumet
Xom
Yredelemnul
Zin
The Shining One
Beogh

Shops:
D:5 (   D:13 *   D:15 !   Orc:4 :[??   Elf:3 :=


Message History

Casting: Iskenderun's Mystic Blast
Confirm with . or Enter, or press ? or * to list all spells.
Aiming: Orb of Destruction
Press: ? - help, Shift-Dir - straight line, f - deep elf annihilator
Aim: a deep elf annihilator, wielding a crystal dire flail {crush} and wearing a ring mail The rock wall explodes into countless fragments.
You feel sick.
Casting: Orb of Destruction
Confirm with . or Enter, or press ? or * to list all spells.
Aiming: Orb of Destruction
Press: ? - help, Shift-Dir - straight line, f/p - deep elf annihilator
Aim: a deep elf annihilator, wielding a crystal dire flail {crush} and wearing a ring mail You feel sick.
You feel sick.
The orb of destruction hits the deep elf annihilator.
The deep elf annihilator is heavily wounded.
The deep elf annihilator gestures at you while chanting.
The crystal spear hits you!
Ouch! That really hurt!
You die...

## .## ### ..## ##.## ...#
##...## ..## #..§§.# .'##
##§@.## ##.## ##§.## ##.##
##e.## ##.## ##.### ##.##
##.## ##.####.## ###
##§.#'## ###.+##
#.....##############.....#
#<....'............'.....#


You could see a deep elf annihilator.

Vanquished Creatures
  Saint Roka (Orc:4)
  Rupert (Lair:5)
  2 deep elf blademasters
  Gastronok (Lair:1)
  Roxanne (Snake:1)
  Donald (Orc:3)
  An orc warlord (Orc:4)
  A deep elf sorcerer (Elf:3)
  Aizul (Snake:1)
  2 stone giants
  A deep elf demonologist (Elf:3)
  2 deep elf annihilators (Elf:3)
  The ghost of Yermak the Unseen, a journeyman OpAs of Okawaru (Lair:8)
  2 deep elf death magi (Elf:3)
  Snorg (Orc:3)
  4 vault guards (D:13)
  Josephine (Lair:4)
  A minotaur (Lab)
  A deep elf high priest (Elf:3)
  Erolcha (D:12)
  8 hydras
  2 ogre magi
  3 naga warriors
  A centaur warrior (D:15)
  13 dancing weapons (Elf:2)
  15 death yaks
  3 anacondas
  A queen ant (Lair:6)
  3 shock serpents (Snake:1)
  6 tengu warriors
  7 naga sharpshooters
  4 orc high priests (Orc:4)
  Nergalle (Lair:4)
  A salamander mystic (Snake:1)
  8 deep elf summoners
  12 deep elf knights
  2 unseen horrors (D:13)
  4 naga ritualists (Snake:1)
  A sea snake (Snake:1)
  A wizard (D:13)
  8 orc knights
  12 deep elf conjurers
  7 orc sorcerers
  A small abomination (Elf:2)
  9 hill giants
  2 statues (D:10)
  4 salamanders (Snake:1)
  7 griffons
  2 cyclopes
  8 mana vipers
  6 oklob plants (Lair:7)
  13 ugly things
  A siren (Lair:5)
  Maurice (D:8)
  10 naga magi
  20 black mambas
  33 elephants
  A guardian serpent (Snake:1)
  25 spiny frogs
  5 gargoyles
  8 centaur skeletons
  4 fire drakes
  10 komodo dragons
  6 trolls
  10 deep elf priests
  3 giant leeches (Lair:8)
  Prince Ribbit (D:8)
  30 blink frogs
  8 two-headed ogres
  A spriggan (D:6)
  46 yaks
  A water elemental (D:15)
  Sigmund (D:6)
  5 wraiths (Lair:4)
  21 deep elf magi
  6 vampire mosquitoes
  2 basilisks
  Eustachio (D:6)
  Grum (D:8)
  21 deep elf fighters
  6 wyverns
  4 hungry ghosts (Lab)
  8 hippogriffs
  Menkaure (D:6)
  18 water moccasins
  A mottled dragon (D:14)
  12 porcupines
  7 wargs
  18 nagas
  53 orc warriors
  6 soldier ants
  The ghost of ConnectionFaild the Shooter, an amateur SpHu (D:3)
  34 wolves
  6 sky beasts
  4 black bears
  5 ice beasts
  4 phantoms
  A black bear (shapeshifter) (D:14)
  A necrophage (D:11)
  26 ogres
  8 centaurs
  2 eyes of draining
  3 wasps
  27 crocodiles
  A big kobold (D:12)
  35 giant frogs
  A water moccasin zombie (D:7)
  7 gnoll sergeants
  2 wyvern zombies
  20 killer bees
  2 wyvern skeletons
  6 scorpions
  8 wights (D:13)
  9 electric eels
  4 giant frog zombies
  7 crimson imps
  2 centaur zombies (D:11)
  3 hounds
  58 orc priests
  A jelly (D:9)
  31 orc wizards
  Crazy Yiuf (D:5)
  Ijyb (D:3)
  A gnoll shaman (D:5)
  A giant frog skeleton (D:8)
  Jessica (D:3)
  11 iguanas
  Natasha (thrice) (D:3)
  15 worker ants
  14 sheep
  3 hound zombies
  Robin (D:4)
  A worker ant zombie (D:11)
  10 gnolls
  18 adders
  30 river rats
  5 shadow imps
  2 adder skeletons (D:9)
  6 worms
  4 giant geckos
  298 orcs
  6 giant cockroaches
  20 goblins
  22 hobgoblins
  8 jackals
  13 kobolds
  6 quokkas
  A ball python skeleton (D:4)
  8 bats
  8 giant newts
  2 jackal skeletons
  3 quokka skeletons
  11 rats
  5 bushes
  2 crawling corpses (Elf:2)
  105 fungi
  60 plants
1643 creatures vanquished.

Vanquished Creatures (others)
  2 deep elf knights (Elf:2)
  A kobold (Elf:2)
  2 bushes
  4 fulminant prisms
  72 fungi
  46 plants
127 creatures vanquished.

Grand Total: 1770 creatures vanquished

Notes
Turn   | Place    | Note
--------------------------------------------------------------
     0 | D:1      | lorenzova the Deep Elf Conjurer began the quest for the Orb.
     0 | D:1      | Reached XP level 1. HP: 10/10 MP: 6/6
   262 | D:1      | Reached XP level 2. HP: 15/15 MP: 4/8
   475 | D:1      | Reached skill level 5 in Conjurations
  1322 | D:2      | Reached XP level 3. HP: 19/19 MP: 7/9
  1582 | D:2      | Learned a level 3 spell: Dazzling Spray
  1807 | D:2      | Reached XP level 4. HP: 24/24 MP: 8/11
  1814 | D:2      | Learned a level 4 spell: Iskenderun's Mystic Blast
  2349 | D:3      | Reached skill level 6 in Conjurations
  2380 | D:3      | Noticed Natasha
  2382 | D:3      | Killed Natasha
  2463 | D:3      | Reached XP level 5. HP: 28/28 MP: 3/13
  2769 | D:3      | Noticed Natasha
  2770 | D:3      | Killed Natasha
  2865 | D:3      | Noticed Ijyb
  2870 | D:3      | Killed Ijyb
  3149 | D:3      | Reached skill level 7 in Conjurations
  3266 | D:3      | Reached skill level 5 in Spellcasting
  3681 | D:3      | Reached XP level 6. HP: 32/32 MP: 13/15
  3930 | D:3      | Noticed Jessica
  3957 | D:3      | Killed Jessica
  3986 | D:3      | Noticed Natasha
  3987 | D:3      | Killed Natasha
  4030 | D:3      | Noticed ConnectionFaild's ghost (amateur SpHu)
  4039 | D:3      | Killed ConnectionFaild's ghost
  5343 | D:4      | Found an iron altar of Okawaru.
  5361 | D:4      | Reached XP level 7. HP: 36/36 MP: 11/18
  5519 | D:4      | Noticed Robin
  5532 | D:4      | Killed Robin
  5537 | D:4      | Reached skill level 8 in Conjurations
  6480 | D:5      | Entered Level 5 of the Dungeon
  7447 | D:5      | Found Vimuw's Antique Weapon Shop.
  7453 | D:5      | Bought a glowing quarterstaff for 100 gold pieces
  7471 | D:5      | Learned a level 5 spell: Iskenderun's Battlesphere
  7569 | D:5      | Reached skill level 9 in Conjurations
  7569 | D:5      | Reached XP level 8. HP: 27/41 MP: 2/22
  7751 | D:5      | Noticed Crazy Yiuf
  7754 | D:5      | Killed Crazy Yiuf
  8006 | D:6      | Noticed Menkaure
  8300 | D:6      | Reached skill level 10 in Conjurations
  8436 | D:6      | Killed Menkaure
  8436 | D:6      | Reached skill level 10 in Spellcasting
  8848 | D:6      | Reached XP level 9. HP: 45/45 MP: 19/25
  8865 | D:6      | Noticed Eustachio
  8869 | D:6      | Killed Eustachio
  9105 | D:6      | Noticed Sigmund
  9125 | D:6      | Killed Sigmund
  9125 | D:6      | Reached skill level 11 in Spellcasting
  9763 | D:7      | Got a smoking lapis lazuli ring
  9873 | D:6      | Identified the ring "Woca" {rC- rN+ EV+2 Dex+2 SInv} (You found it on level 7 of the Dungeon)
  9946 | D:7      | Found a staircase to the Ecumenical Temple.
  9957 | Temple   | Entered the Ecumenical Temple
 10321 | D:7      | Reached skill level 12 in Spellcasting
 10359 | D:7      | Learned a level 3 spell: Conjure Flame
 10364 | D:7      | Learned a level 4 spell: Sticky Flame
 10370 | D:7      | Learned a level 5 spell: Fireball
 10520 | D:8      | Noticed Grum
 10525 | D:8      | Killed Grum
 10525 | D:8      | Reached skill level 1 in Charms
 10525 | D:8      | Reached skill level 1 in Fire Magic
 10644 | Temple   | Became a worshipper of Qazlal Stormbringer
 10914 | D:8      | Noticed Prince Ribbit
 10917 | D:8      | Killed Prince Ribbit
 10927 | D:8      | Reached XP level 10. HP: 50/50 MP: 15/28
 11168 | D:8      | Reached skill level 1 in Evocations
 11200 | D:8      | Reached skill level 5 in Fire Magic
 11494 | D:8      | Noticed Maurice
 11863 | D:8      | Killed Maurice
 12413 | D:9      | Reached * piety under Qazlal
 12963 | D:9      | Found a burning altar of Makhleb.
 12964 | D:9      | Found a radiant altar of Vehumet.
 13195 | D:9      | Reached skill level 5 in Evocations
 13504 | D:10     | Entered Level 10 of the Dungeon
 13535 | D:10     | Reached ** piety under Qazlal
 14092 | D:10     | Noticed a hill giant
 14124 | D:10     | Killed a hill giant
 14124 | D:10     | Reached XP level 11. HP: 54/54 MP: 10/29
 14449 | D:10     | Noticed a hill giant
 14454 | D:10     | Noticed a hill giant
 14457 | D:10     | Killed a hill giant
 14463 | D:10     | Killed a hill giant
 14672 | D:10     | Noticed an archer statue
 14823 | D:10     | Killed an archer statue
 14937 | D:10     | Noticed an archer statue
 15091 | D:10     | Learned a level 4 spell: Fulminant Prism
 15356 | D:10     | Killed an archer statue
 15411 | D:10     | Identified the Handbook of the Many Lies
 15632 | D:11     | Noticed a hill giant
 15636 | D:11     | Killed a hill giant
 15636 | D:11     | Reached skill level 1 in Staves
 15820 | D:11     | Reached skill level 13 in Spellcasting
 15860 | D:11     | Noticed a five-headed hydra
 15867 | D:11     | Killed a five-headed hydra
 16705 | D:11     | Found a staircase to the Lair.
 16868 | Lair:1   | Entered Level 1 of the Lair of Beasts
 16909 | D:12     | Identified the Disquisition on Shifting Confrontation
 16942 | D:12     | Noticed a hill giant
 16944 | D:12     | Noticed Erolcha
 16948 | D:12     | Killed Erolcha
 16948 | D:12     | Killed a hill giant
 16967 | D:12     | Reached *** piety under Qazlal
 17168 | D:12     | Reached skill level 14 in Spellcasting
 17275 | D:12     | Noticed a hill giant
 17461 | D:12     | Noticed a hill giant
 17466 | D:12     | Killed a hill giant
 17606 | D:12     | Reached XP level 12. HP: 54/59 MP: 16/32
 17858 | D:12     | Killed a hill giant
 18500 | D:12     | Reached **** piety under Qazlal
 18802 | D:12     | Learned a level 4 spell: Force Lance
 18808 | D:12     | Learned a level 5 spell: Bolt of Magma
 18817 | D:12     | Reached skill level 15 in Spellcasting
 18992 | D:12     | Reached skill level 1 in Invocations
 19296 | D:12     | Found a bloodstained altar of Trog.
 19408 | D:12     | Found a staircase to the Orcish Mines.
 20281 | Lair:1   | Noticed Gastronok
 20302 | Lair:1   | Killed Gastronok
 20302 | Lair:1   | Reached skill level 16 in Spellcasting
 20867 | D:13     | Reached XP level 13. HP: 63/63 MP: 35/35
 20897 | D:13     | Noticed a vault guard
 21539 | Lair:1   | Reached skill level 5 in Invocations
 22717 | Lair:2   | Reached ***** piety under Qazlal
 23159 | Lair:2   | Reached skill level 15 in Conjurations
 23189 | Lair:2   | You fall through a shaft for 2 floors!
 23200 | Lair:4   | Reached skill level 17 in Spellcasting
 23326 | Lair:4   | Noticed Josephine
 25099 | Lair:4   | Noticed Nergalle
 25132 | Lair:3   | Reached skill level 18 in Spellcasting
 25371 | Lair:3   | Reached XP level 14. HP: 64/68 MP: 16/38
 25662 | Lair:4   | Killed Josephine
 25999 | Lair:4   | Killed Nergalle
 25999 | Lair:4   | Reached skill level 5 in Staves
 26652 | Lair:4   | Reached skill level 5 in Dodging
 26913 | Lair:5   | Found a labyrinth entrance.
 26932 | Lab      | Entered a labyrinth
 28041 | Lab      | Got an amber-encrusted leather armour
 28043 | Lab      | Identified the Catalogue of Conjuration
 28199 | Lair:4   | Identified the +2 leather armour of Xaehac {rElec rPois Str+2} (You took it off a minotaur in a labyrinth)
 28539 | Lair:5   | Reached ****** piety under Qazlal
 28637 | Lair:5   | Noticed Rupert
 28646 | Lair:5   | Killed Rupert
 29060 | Lair:5   | Found a staircase to the Shoals.
 29752 | Lair:2   | Identified 3 scrolls of acquirement
 29756 | Lair:2   | Identified a +6 rod of clouds (10/10) (You acquired it on level 2 of the Lair of Beasts)
 30813 | Lair:6   | Found a staircase to the Snake Pit.
 31923 | Lair:7   | Reached XP level 15. HP: 72/72 MP: 29/39
 32117 | Lair:7   | Found a staircase to the Slime Pits.
 32442 | Lair:6   | Reached skill level 10 in Dodging
 32997 | Lair:8   | Entered Level 8 of the Lair of Beasts
 33072 | Lair:8   | Reached skill level 10 in Staves
 33254 | Lair:8   | Noticed Yermak's ghost (journeyman OpAs)
 33260 | Lair:8   | Killed Yermak's ghost
 35467 | Lair:8   | Got an ebony broad axe
 35468 | Lair:8   | Identified the +7 broad axe "Savakh Vytigg" {distort, Dex+5} (You found it on level 8 of the Lair of Beasts)
 36017 | Orc:1    | Entered Level 1 of the Orcish Mines
 36405 | Orc:2    | Found a bloodstained altar of Trog.
 37408 | Orc:3    | Noticed Snorg
 37411 | Orc:3    | Killed Snorg
 37603 | Orc:3    | Noticed Donald
 37610 | Orc:3    | Killed Donald
 37779 | Orc:3    | Found a staircase to the Elven Halls.
 38180 | Orc:4    | Entered Level 4 of the Orcish Mines
 38276 | Orc:4    | Noticed Saint Roka
 39038 | Orc:4    | Killed Saint Roka
 39038 | Orc:4    | Reached skill level 19 in Spellcasting
 39038 | Orc:4    | Reached XP level 16. HP: 33/76 MP: 14/41
 39606 | Orc:4    | Found a roughly hewn altar of Beogh.
 39615 | Orc:4    | Found Legil's Book Boutique.
 39618 | Orc:4    | Found Moawkeod's Antique Armour Shop.
 41164 | Orc:4    | Found a roughly hewn altar of Beogh.
 41204 | Orc:4    | Found Romonops's Magic Scroll Boutique.
 41289 | Orc:4    | Found Vaqax's Magic Scroll Emporium.
 41598 | Orc:4    | Bought a scroll of identify for 36 gold pieces
 41598 | Orc:4    | Bought a scroll of identify for 36 gold pieces
 41598 | Orc:4    | Bought a scroll of remove curse for 54 gold pieces
 41598 | Orc:4    | Bought a scroll of identify for 36 gold pieces
 41598 | Orc:4    | Bought a scroll of magic mapping for 63 gold pieces
 41625 | Orc:4    | Bought a scroll of identify for 32 gold pieces
 41625 | Orc:4    | Bought a scroll of identify for 32 gold pieces
 41625 | Orc:4    | Bought a scroll of magic mapping for 56 gold pieces
 41625 | Orc:4    | Bought a scroll of identify for 32 gold pieces
 41625 | Orc:4    | Bought a scroll of blinking for 120 gold pieces
 41625 | Orc:4    | Bought a scroll of identify for 32 gold pieces
 41699 | Elf:1    | Entered Level 1 of the Elven Halls
 42202 | D:13     | Noticed an anaconda
 42207 | D:13     | Noticed a naga warrior
 42211 | D:13     | Killed an anaconda
 42222 | D:13     | Killed a naga warrior
 42385 | D:13     | Found Vucosoez's Serpentskin Sales.
 42608 | D:13     | Noticed a vault guard
 42632 | D:13     | Killed a vault guard
 42632 | D:13     | Reached skill level 20 in Spellcasting
 42662 | D:13     | Killed a vault guard
 42703 | D:13     | Noticed an ogre mage
 42730 | D:13     | Killed an ogre mage
 42914 | D:13     | Noticed a vault guard
 42915 | D:13     | Noticed a vault guard
 42928 | D:13     | Killed a vault guard
 42929 | D:13     | Killed a vault guard
 43334 | D:13     | Found a gate to the Vaults.
 44248 | D:15     | Entered Level 15 of the Dungeon
 44960 | D:15     | Found a staircase to the Depths.
 44997 | D:15     | Found Zeodgh's Distillery.
 45011 | D:15     | Reached XP level 17. HP: 47/80 MP: 40/43
 45020 | D:15     | Bought a potion of heal wounds for 70 gold pieces
 45020 | D:15     | Bought a potion of haste for 140 gold pieces
 45020 | D:15     | Bought a potion of magic for 112 gold pieces
 45020 | D:15     | Bought a potion of heal wounds for 70 gold pieces
 45678 | Snake:1  | Entered Level 1 of the Snake Pit
 45678 | Snake:1  | Noticed Aizul
 45685 | Snake:1  | Killed Aizul
 45690 | Snake:1  | Reached skill level 21 in Spellcasting
 46643 | Snake:1  | Found a shadowy altar of Dithmenos.
 46692 | Snake:1  | Noticed Roxanne
 47871 | Snake:1  | Killed Roxanne
 47892 | Snake:1  | Identified Roxanne's Handbook of the Mountains (You took it off Roxanne on level 1 of the Snake Pit)
 48552 | Elf:1    | Reached skill level 22 in Spellcasting
 49347 | Elf:2    | Found a flickering gateway to a bazaar.
 49356 | Bazaar   | Entered a bazaar
 49386 | Bazaar   | Found Siagidol's Gadget Emporium.
 49428 | Bazaar   | Found Aphon's Antique Armour Emporium.
 49458 | Bazaar   | Found Lunaenn's Gadget Boutique.
 49488 | Bazaar   | Found Gion Fouc's Antique Weapon Shoppe.
 49530 | Bazaar   | Found Opsuo's Book Shoppe.
 49535 | Bazaar   | Bought the Catalogue of Attacks for 842 gold pieces
 49544 | Bazaar   | Learned a level 7 spell: Orb of Destruction
 49671 | Elf:2    | Found a runed gate.
 49673 | Elf:2    | Found a runed gate.
 49677 | Elf:2    | Found a runed gate.
 50219 | Elf:2    | Reached XP level 18. HP: 72/85 MP: 22/46
 50231 | Elf:2    | HP: 2/85 [lajatang of freezing (15)]
 50237 | Elf:1    | HP: 4/85 [poisoned by a war axe of venom]
 50760 | Elf:3    | Entered Level 3 of the Elven Halls
 50792 | Elf:3    | Found Vaom's Book Boutique.
 50837 | Elf:3    | Found Gylalemas's Jewellery Emporium.
 50956 | Elf:3    | Reached skill level 23 in Spellcasting
 51200 | Elf:3    | Killed from afar by a deep elf annihilator

Action                   |  1- 3 |  4- 6 |  7- 9 | 10-12 | 13-15 | 16-18 || total
-------------------------+-------+-------+-------+-------+-------+-------++-------
Melee: Dagger            |     1 |       |     6 |       |       |       ||     7
       Quarterstaff      |       |       |     1 |    78 |   657 |   619 ||  1355
 Cast: Magic Dart        |    72 |   130 |   229 |   496 |   518 |   232 ||  1677
       Iskenderun's Myst |       |    20 |    34 |    54 |   104 |   281 ||   493
       Dazzling Spray    |       |     2 |     1 |       |       |       ||     3
       Iskenderun's Batt |       |       |    22 |    62 |   104 |    68 ||   256
       Conjure Flame     |       |       |     4 |    43 |     7 |    18 ||    72
       Sticky Flame      |       |       |       |    34 |   142 |    71 ||   247
       Fireball          |       |       |       |    23 |    39 |    19 ||    81
       Fulminant Prism   |       |       |       |     1 |       |     3 ||     4
       Bolt of Magma     |       |       |       |     8 |    49 |    34 ||    91
       Force Lance       |       |       |       |     2 |     3 |       ||     5
       Orb of Destructio |       |       |       |       |       |     9 ||     9
Evoke: Wand              |       |     1 |       |     1 |       |       ||     2
  Use: Scroll            |       |     3 |     9 |     5 |    22 |     6 ||    45
       Potion            |       |       |       |       |    11 |     1 ||    12
 Stab: Sleeping          |       |       |     1 |       |       |       ||     1
  Eat: Chunk             |     3 |    10 |    15 |    19 |    45 |    25 ||   117
       Beef jerky        |       |     1 |     1 |     2 |     1 |       ||     5
       Royal jelly       |       |     1 |       |       |     2 |       ||     3
       Fruit             |       |       |     4 |       |       |       ||     4
       Pizza             |       |       |     1 |     2 |     1 |       ||     4
       Bread ration      |       |       |       |     2 |       |       ||     2
       Meat ration       |       |       |       |       |     2 |     4 ||     6
